 BcadrenCrawl: Boulder Brew version 0.06.7.3-23-g1ca577db0e (webtiles) character file.

Game seed: 12125231428296411018

25930 MackTheKnife the Fighter (level 12, -7/153 HPs) Lignifite Summoner. Began on Nov 16, 2023. Was an Elder of Ashenzari. Mangled by a phantasmal warrior (32 damage) ... summoned by a mummy priest ... on level 3 of the Lair of Beasts. The game lasted 01:03:29 (16473 turns).

MackTheKnife the Fighter (Lignifite Summoner)      Turns: 16473, Time: 01:03:31

Health: -7/153     AC:  2    Str: 13 (14) XL:     12 ^: 989
Magic:  4/20       EV: 18    Int: 33      God:    Ashenzari [4* [109]]
Gold:   769        SH: 14    Dex: 16      Spells: 3/25 levels left

rFire    + + .     Slash    .   v - +5 buckler {rF+} (curse) {(Curse: Fragile)}
rCold    + + .     Pierce   +   L - +8 spear "Arecuo" {pierce, MR++ Dex+4, (Curse: Fragile)} (curse)
rNeg     . . .     Bludgeon .   (armour unavailable)
rCorr    . . .     Vision   +   (helmet restricted)
rPois    +         Clarity  +   j - scarf {rC+ rF+} (curse) {(Curse: Fragile)}
rElec    .                      (gloves unavailable)
MR       ++...                  (boots unavailable)
HPRegen  1.01/turn              q - amulet of Vitality {Regen+ HP+15, (Curse: Fragile)} (curse)
MPRegen  0.30/turn              O - ring "Qyntuiro" {rPois Int+5 +Vis, (Curse: Fragile)} (curse)
Stlth    +.........             z - ring "Huonut" {rF+ Int+4 Stlth-, (Curse: *Contam Fragile)} (curse)

@: about to teleport, vulnerable, slowed, lightly drained, slow
A: cold resistance 1, branches (SH +, roots, deformed body 2, speed 1, low mp 1,
magic resistance, poison resistance, slow metabolism 1, INT +6, torment
resistance, plant, woody flesh (rF-) 1, rot immunity, barkskin, sharp scales
a: Plant Roots, Renounce Religion, Curse Item, Scrying


You were on level 3 of the Lair of Beasts.
You worshipped Ashenzari.
Ashenzari was greatly pleased with you.
You were not hungry.

You visited 4 branches of the dungeon, and saw 13 of its levels.

You collected 1705 gold pieces.
You spent 936 gold pieces at shops.

Inventory:

Weapons
 L - the cursed +8 spear "Arecuo" (weapon) {pierce, MR++ Dex+4, (Curse: Fragile)}
   (You bought it in a shop on level 2 of the Orcish Mines)

   It inflicts extra damage upon your enemies.
   It affects your dexterity (+4).
   It affects your resistance to hostile enchantments.
   It has a curse placed upon it.
   { (Curse: Fragile)} Shields
 v - a cursed +5 buckler of fire resistance (shield) {(Curse: Fragile)}
Armour
 j - a cursed scarf of resistance (worn) {(Curse: Fragile)}
Jewellery
 q - the cursed amulet of Vitality (around neck) {Regen+ HP+15, (Curse: Fragile)}
   (You took it off a kobold on level 2 of the Dungeon)

   [amulet of regeneration]

   It affects your health (+15).
   It increases your rate of regeneration.
   It has a curse placed upon it.
   { (Curse: Fragile)}
 z - the cursed ring "Huonut" (right hand) {rF+ Int+4 Stlth-, (Curse: *Contam Fragile)}
   (You took it off an orc on level 4 of the Dungeon)

   [ring of attention]

   It affects your intelligence (+4).
   It protects you from fire.
   It makes you less stealthy.
   It has a curse placed upon it.
   { (Curse: *Contam Fragile)}
 O - the cursed ring "Qyntuiro" (left hand) {rPois Int+5 +Vis, (Curse: Fragile)}
   (You took it off an orc knight on level 2 of the Orcish Mines)

   [ring of poison resistance]

   It affects your intelligence (+5).
   It protects you from poison.
   It improves your vision.
   It has a curse placed upon it.
   { (Curse: Fragile)}
Wands
 b - a wand of clouds (4)
 t - a wand of iceblast (1)
 w - a wand of ensnaring (1)
 x - a wand of scattershot (5)
 A - a wand of disintegration (1)
 C - a wand of hasting (10)
 H - a wand of polymorph (4)
Scrolls
 a - 6 scrolls of blinking
 f - 4 scrolls of torment
 g - a scroll of fog
 k - 5 scrolls of enchantment
 r - 3 scrolls of teleportation
 y - 3 scrolls of magic mapping
Potions
 d - 2 potions of ambrosia
 e - 4 potions of cancellation
 h - 9 potions of heal wounds
 i - 5 potions of mutation
 l - 2 potions of invisibility
 o - 11 potions of curing
 p - a potion of magic
 s - a potion of amnesia
 u - 3 potions of brilliance
 B - 3 potions of cure mutation
 E - 4 potions of haste
 J - 2 potions of might
Miscellaneous
 n - 5 empty bottles
Comestibles
 c - 19 rations
 D - 2 chunks of flesh


   Skills:
 - Level 12.0(11.8) Fighting
 - Level 3.8(8.3) Polearms
 - Level 1.1(1.0) Armour
 - Level 8.6(8.5) Dodging
 - Level 1.7(1.6) Stealth
 - Level 5.0(9.8) Shields
 + Level 7.0(6.9) Spellcasting
 - Level 10.0(14.6) Summonings
 + Level 3.9(8.4) Transmutations
 - Level 6.1(10.9) Air Magic
 + Level 2.7(6.7) Earth Magic
 - Level 4.7(9.4) Poison Magic


You had 3 spell levels left.
You knew the following spells:

 Your Spells              Type           Power        Failure   Level  Hunger
a - Summon Small Mammal   Summ           82 (200)     0%          1    0
b - Call Canine Familiar  Summ           82 (100)     0%          2    0
c - Call Chameleon        Summ           82 (200)     1%          3    0
d - Summon Lightning Spi Summ/Air 77 (100) 1% 5 93-253 e - Irradiate Tmut/Pois 63 (200) 2% 5 93-253 f - Statue Form Tmut/Erth      57 (150)     26%         6    213-433

Your spell library contained the following spells:

 Spells                   Type           Power        Failure   Level  Hunger
 Confusing Touch          Hex            16 (50)      3%          1    0
 Confuse                  Hex            16 (100)     9%          3    0
 Gell's Gravitas          Tloc           16 (200)     9%          3    0
 Petrify Tmut/Erth 57 (100) 1% 4 0-73 Summon Ice Beast Ice/Summ 58 (100) 1% 4 0-73 Yara's Violent Unravell Hex/Tmut 41 (200) 17% 5 93-253 Infestation Tmut/Pois 63 (200) 63% 7 333-613 Cigotuvi's Degeneration Tmut/Necr 41 (200) 67% 6 213-433 Dragon Form Tmut           61 (200)     71%         7    333-613


Dungeon Overview and Level Annotations

Branches:
Dungeon (7/8)              Temple (1/1) D:4            Lair (3/6) D:5
  Snake (0/4) Lair:2          Orc (2/2) D:6             Elf (0/3) Orc:2
 Vaults (0/5) D:7
  Swamp: Lair:2-4    Shoals: Lair:2-4

Altars:
Ashenzari
Cheibriados
Elyvilon
Fedhas Madash
Gozag Ym Sagoz
Hepliaklqana
Kikubaaqudgha
Makhleb
Nemelex Xobeh
Okawaru
Qazlal
Ru
Sif Muna
Trog
Uskayaw
Vehumet
Wu Jian
Xom
Yredelemnul
Zin
Beogh

Shops:
Orc:1 (   Orc:2 %!?[(

Annotations:
Lair:3 3 runed translucent doors, Leeroy's ghost, journeyman DrPr


Innate Abilities, Weirdness & Mutations

A tangle of shorter branches protects your body from attack. (SH +5)
You can plant your roots to grant stasis and boost your AC and Regeneration.
Uprooting yourself takes awhile, however.
You cannot wear any armour on your peculiar form.
You cover ground quickly.
Your system is resistant to poisons. (rPois)
You have a slow metabolism.
You are immune to unholy pain and torment.
You require very little carbon dioxide to survive.
Your woody flesh burns easily. (rF-)
You are immune to rotting.
Your bark is difficult to pierce. (rPiercing+)
You are cold resistant. (rC+)
Your magical capacity is low. (-15% MP)
You are highly resistant to hostile enchantments. (MR++)
You are extremely clever. (INT +6)
You are covered in razor-sharp scales. (AC +2, Slay +2)


Message History

Unknown command.
You feel much better. The phantasmal warrior hits you (24)!!
The phantasmal warrior hits you (15)!
You block the phantasmal warrior's attack.
You block the wraith's attack.
Your brown chameleon gores the wraith but does no damage.
Your clear chameleon gores the wraith (3).
He resists.
The mummy priest blocks your red chameleon's attack.
The phantasmal warrior hits you (6).
The phantasmal warrior blinks!
The wraith hits you (10)!
* * * LOW HITPOINT WARNING * * *
The wraith drains your vigour!
You feel as though you will be slow longer.
The phantasmal warrior hits you (20)!!
* * * LOW HITPOINT WARNING * * *
The mummy priest hits your red chameleon with a cursed +1 trident of venom {(Curse: Fragile)} (19)!!
It is perforated ruthlessly!
Your red chameleon dies!
Your red chameleon's corpse disappears in a puff of smoke!
The phantasmal warrior hits you (32)!!
You die...

* , * ,.|. 8 ..$8
*#z# #s# ### ###
##M#########.####.##
#8ยง8#...............
#W8WW:.............#
##W@W:..............
#WWP..............#
###..............#
#..............#
######.###......
####.{:.... #...[:...
##....:..
#####.##..::


You could see a mummy priest, a skeletal warrior (summoned), 5 phantasmal
warriors, 2 wraiths, a bone scorpion, 2 friendly chameleons and a friendly
lightning spire (summoned, hex vulnerable).

Vanquished Creatures
  A komodo dragon (Lair:2)
  A fire bat (Lair:3)
  4 bone scorpions (Lair:1)
  2 guardian mummies (Lair:1)
  A phantom (D:4)
  A porcupine (Lair:1)
  2 scorpions (D:5)
  A big kobold (D:2)
  A centaur (D:6)
  5 blink frogs
  An electric eel (Lair:3)
  Prince Ribbit (Lair:3)
  An orc priest (D:4)
  2 mummies (Lair:1)
  2 worker ants
  3 orc wizards
  A wyvern skeleton (D:4)
  2 giant cockroaches
  A porcupine zombie (D:5)
  A wolf skeleton (Lair:1)
  A blink frog skeleton (Lair:1)
  A cysgobwca (D:4)
  2 adders (D:5)
  2 sewer rats (D:2)
  2 cinder newts (D:2)
  3 worms
  2 oozes
  2 bullfrogs
  A dart slug (D:1)
  3 leopard geckos
  6 orcs
  An adder skeleton (D:3)
  2 jackals
  2 kobolds (D:1)
  A quokka (D:4)
  2 bats (D:2)
  5 goblins (D:1)
  2 jackal skeletons (D:3)
  A kobold skeleton (D:2)
  2 rats (D:1)
  A rat skeleton (D:2)
  9 fungi (D:5)
  6 plants (D:5)
93 creatures vanquished.

Vanquished Creatures (collateral kills)
  3 orc warlords (Orc:2)
  2 mummy priests
  A catoblepas (Lair:3)
  A boulder beetle (Lair:3)
  3 orc high priests (Orc:2)
  Sonja (Lair:3)
  Nergalle (D:5)
  5 two-headed ogres
  3 hydras
  6 orc knights
  A centaur warrior (D:6)
  3 death yaks (Lair:3)
  4 orc sorcerers
  2 black mambas
  2 ugly things (D:6)
  An anaconda (Lair:3)
  3 trolls
  A freezing wraith (D:5)
  3 komodo dragons
  3 hippogriffs
  2 hydra zombies (Lair:1)
  A giraffe skeleton (Lair:1)
  3 spiny frogs (Lair:2)
  14 yaks
  A basilisk (Lair:3)
  A hydra skeleton (Lair:1)
  3 fire bats (Lair:3)
  A fire elemental (Lair:3)
  A vampire mosquito (D:6)
  A hungry ghost (D:5)
  A slime creature (D:2)
  11 bone scorpions
  5 guardian mummies
  2 nagas (Lair:2)
  A wolf spider zombie (D:4)
  3 wargs
  8 water moccasins
  37 orc warriors
  10 porcupines
  6 scorpions
  A black bear (D:3)
  A sky beast (D:5)
  15 ogres
  An eye of draining (D:6)
  A chaos butterfly zombie (Lair:1)
  An elephant zombie (Lair:1)
  4 wolves (Lair:1)
  An elephant skeleton (Lair:1)
  7 crocodiles
  4 komodo dragon zombies (Lair:1)
  7 big kobolds
  A swooping magpie skeleton (Lair:1)
  A black mamba zombie (Lair:1)
  3 spiny frog zombies (Lair:1)
  2 centaurs
  9 blink frogs
  2 howler monkeys (D:4)
  2 spiny frog skeletons (Lair:1)
  A black mamba skeleton (Lair:1)
  A polar bear skeleton (Lair:1)
  8 wights (D:4)
  A basilisk zombie (Lair:1)
  A hornet zombie (Lair:1)
  2 electric eels
  2 basilisk skeletons (Lair:1)
  A lava snake (Lair:3)
  3 llaibwcod
  A rime drake skeleton (Lair:1)
  25 orc priests
  7 hounds
  5 jellies
  A mummy (Lair:1)
  39 orc wizards
  5 iguanas
  A water moccasin zombie (Lair:1)
  8 worker ants
  2 wyvern zombies (D:4)
  2 wyvern skeletons
  3 water moccasin skeletons
  7 giant cockroaches
  A wolf zombie (Lair:1)
  A boggart zombie (D:3)
  A porcupine zombie (Lair:1)
  A blink frog skeleton (Lair:1)
  A porcupine skeleton (Lair:1)
  10 adders
  A gwybwca (D:3)
  20 sewer rats
  6 cinder newts (D:2)
  5 worms
  12 bullfrogs
  A hound zombie (D:5)
  A worker ant zombie (D:5)
  2 hound skeletons
  5 oozes
  A dart slug (D:3)
  3 leopard geckos
  93 orcs
  2 adder skeletons
  4 bats
  A bullfrog skeleton (Lair:1)
  5 bullfrog zombies (Lair:1)
  3 goblins (D:1)
  2 hobgoblins
  10 jackals
  35 kobolds
  3 quokkas
  2 ball pythons
  A goblin skeleton (D:2)
  A hobgoblin skeleton (D:2)
  A leopard gecko skeleton (D:2)
  An orc skeleton (D:2)
  A quokka skeleton (D:5)
  A quokka zombie (Lair:1)
  2 rats (D:1)
  11 fungi
  A nameless horror (D:5)
  8 plants
  8 withered plants (D:2)
618 creatures vanquished.

Vanquished Creatures (others)
  A death yak (Lair:3)
  A howler monkey (D:4)
  An iguana (D:3)
  2 giant cockroaches (D:2)
  2 leopard geckos (D:2)
  A ball python (D:2)
  A bat (D:2)
  2 jackals (D:2)
  A hobgoblin skeleton (D:2)
  5 kobolds (D:2)
  2 butterflies (Lair:1)
  8 fungi
  7 giant blowflies
  26 plants
  A slimehead (D:2)
  97 withered plants (D:2)
158 creatures vanquished.

Grand Total: 869 creatures vanquished

Notes
Turn   | Place    | Note
-------+----------+-------------------------------------------
     0 | D:1      | MackTheKnife the Lignifite Summoner began the quest for the
                  | Orb.
     0 | D:1      | Reached XP level 1. HP: 24/24 MP: 4/4
   323 | D:1      | Reached XP level 2. HP: 16/32 MP: 0/6
   480 | D:1      | Learned a level 2 spell: Call Canine Familiar
   870 | D:1      | Reached skill level 5 in Summonings
   956 | D:1      | Reached XP level 3. HP: 40/40 MP: 7/7
  1322 | D:2      | Learned a level 3 spell: Call Chameleon
  1563 | D:2      | Reached XP level 4. HP: 28/48 MP: 2/8
  1902 | D:2      | Reached XP level 5. HP: 40/56 MP: 2/9
  2254 | D:2      | Reached skill level 1 in Fighting
  2282 | D:2      | Reached XP level 6. HP: 48/72 MP: 7/10
  2442 | D:2      | Reached skill level 2 in Fighting
  2481 | D:2      | Reached skill level 3 in Fighting
  2663 | D:2      | Reached skill level 4 in Fighting
  2688 | D:2      | Found a sparkling altar of Nemelex Xobeh.
  3104 | D:2      | Reached XP level 7. HP: 81/81 MP: 5/11
  3260 | D:2      | Reached skill level 5 in Fighting
  3397 | D:2      | Reached skill level 6 in Fighting
  3841 | D:2      | Found a white marble altar of Elyvilon.
  3946 | D:3      | Noticed a dagger
  3986 | D:3      | Noticed a hatchet
  4317 | D:3      | Found a hide-covered altar of Uskayaw.
  4335 | D:3      | Reached XP level 8. HP: 90/90 MP: 3/12
  4683 | D:3      | Learned a level 5 spell: Summon Lightning Spire
  4792 | D:3      | your +1 mace of protection protects you from harm!
  5084 | D:3      | Reached skill level 1 in Air Magic
  5364 | D:4      | Identified the cursed ring "Huonut" {rF+ Int+4 Stlth-,
                  | (Curse: *Contam)}
  5614 | D:4      | Found a staircase to the Ecumenical Temple.
  5649 | Temple   | Entered the Ecumenical Temple
  5726 | Temple   | Became a worshipper of Ashenzari the Ephemeral
  5974 | D:4      | Reached XP level 9. HP: 99/99 MP: 17/17
  5975 | D:4      | Reached skill level 5 in Spellcasting
  6337 | D:4      | Reached skill level 5 in Air Magic
  6669 | D:5      | Entered Level 5 of the Dungeon
  6863 | D:5      | Found a staircase to the Lair.
  6913 | D:5      | Noticed Nergalle
  6926 | D:5      | Killed Nergalle
  6954 | D:5      | Noticed a two-headed ogre
  6962 | D:5      | Killed a two-headed ogre
  7215 | D:5      | Noticed a two-headed ogre
  7223 | D:5      | Killed a two-headed ogre
  7224 | D:5      | Reached XP level 10. HP: 108/108 MP: 15/20
  7321 | D:5      | Noticed a two-headed ogre
  7340 | D:5      | Killed a two-headed ogre
  7742 | D:6      | Reached * piety under Ashenzari
  7865 | D:6      | Reached skill level 10 in Summonings
  7891 | D:6      | Noticed a two-headed ogre
  7899 | D:6      | Killed a two-headed ogre
  7900 | D:6      | Reached skill level 1 in Shields
  7980 | D:6      | Noticed a six-headed hydra
  7987 | D:6      | Reached skill level 7 in Fighting
  7987 | D:6      | Reached skill level 5 in Dodging
  7991 | D:6      | Killed a six-headed hydra
  8082 | D:6      | Noticed a four-headed hydra
  8090 | D:6      | Killed a four-headed hydra
  8154 | D:6      | Noticed a centaur warrior
  8169 | D:6      | Killed a centaur warrior
  8216 | D:6      | Found a staircase to the Orcish Mines.
  8541 | D:7      | Found a gate to the Vaults.
  8541 | D:7      | Noticed a two-headed ogre
  8541 | D:7      | Noticed a centaur warrior
  8541 | D:7      | Noticed an orc knight
  8567 | Lair:1   | Entered Level 1 of the Lair of Beasts
  8569 | Lair:1   | Reached skill level 8 in Fighting
  8582 | D:5      | Reached XP level 11. HP: 62/128 MP: 5/21
  8586 | D:5      | Reached skill level 5 in Shields
  8739 | Orc:1    | Entered Level 1 of the Orcish Mines
  8739 | Orc:1    | Noticed an orc knight
  8849 | D:6      | Killed an orc knight
  9047 | Orc:1    | Reached skill level 9 in Fighting
  9165 | Orc:1    | Found a shimmering blue altar of Sif Muna.
  9301 | Orc:1    | Found Aseil's Antique Weapon Emporium.
  9525 | Orc:2    | Entered Level 2 of the Orcish Mines
  9589 | Orc:2    | Noticed a two-headed ogre
  9593 | Orc:2    | Killed a two-headed ogre
  9688 | Orc:1    | Reached ** piety under Ashenzari
 10223 | Orc:2    | Found a roughly hewn altar of Beogh.
 10298 | Orc:2    | Found a roughly hewn altar of Beogh.
 10305 | Orc:2    | Reached skill level 10 in Fighting
 10305 | Orc:2    | Noticed an orc knight
 10311 | Orc:2    | Killed an orc knight
 10325 | Orc:2    | Found Qitiobb's Food Boutique.
 10416 | Orc:2    | Found a roughly hewn altar of Beogh.
 10471 | Orc:2    | Noticed an orc warlord
 10488 | Orc:2    | Killed an orc warlord
 10725 | Orc:2    | Found a roughly hewn altar of Beogh.
 10725 | Orc:2    | Noticed an orc high priest
 10736 | Orc:2    | Reached skill level 11 in Fighting
 10742 | Orc:2    | Killed an orc high priest
 10745 | Orc:2    | Found Ebapel's Distillery.
 10753 | Orc:2    | Bought a potion of curing for 45 gold pieces
 10753 | Orc:2    | Bought a potion of heal wounds for 75 gold pieces
 10753 | Orc:2    | Bought a potion of heal wounds for 75 gold pieces
 10800 | Orc:2    | Noticed an orc warlord
 10817 | Orc:2    | Killed an orc warlord
 10819 | Orc:2    | Noticed a sixfirhy
 10971 | Orc:2    | Noticed an orc high priest
 10976 | Orc:2    | Killed an orc high priest
 10976 | Orc:2    | Noticed an orc knight
 10986 | Orc:2    | Killed an orc knight
 10987 | Orc:2    | Reached skill level 12 in Fighting
 11101 | Orc:2    | Found a roughly hewn altar of Beogh.
 11101 | Orc:2    | Found Wiklam's Antique Weapon Shoppe.
 11104 | Orc:2    | Found Tudyunosese's Antique Armour Emporium.
 11115 | Orc:2    | Bought a faintly glowing spear {pierce} for 192 gold pieces
 11115 | Orc:2    | Identified the +8 spear "Arecuo" {pierce, MR++ Dex+4} (You
                  | bought it in a shop on level 2 of the Orcish Mines)
 11123 | Orc:2    | Bought a runed buckler for 285 gold pieces
 11180 | Orc:2    | Found a staircase to the Elven Halls.
 11186 | Orc:2    | Noticed an orc knight
 11198 | Orc:2    | Killed an orc knight
 11266 | Orc:2    | Found Sobrac's Magic Scroll Boutique.
 11274 | Orc:2    | Bought a scroll of teleportation for 36 gold pieces
 11274 | Orc:2    | Bought a scroll of teleportation for 36 gold pieces
 11274 | Orc:2    | Bought a scroll of enchantment for 90 gold pieces
 11274 | Orc:2    | Bought a scroll of random uselessness for 12 gold pieces
 11274 | Orc:2    | Bought a scroll of enchantment for 90 gold pieces
 11287 | Orc:2    | Found a roughly hewn altar of Beogh.
 11326 | Orc:2    | Found a runed translucent door.
 11422 | Orc:2    | Found a roughly hewn altar of Beogh.
 11637 | Orc:2    | Identified the ring "Qyntuiro" {rPois Int+5 +Vis}
 11637 | Orc:2    | Noticed an orc knight
 11637 | Orc:2    | Noticed an orc knight
 11651 | Orc:2    | Reached skill level 1 in Polearms
 11672 | Orc:2    | Killed an orc knight
 11682 | Orc:2    | Noticed an orc warlord
 11688 | Orc:2    | Gained mutation: You can plant your roots to grant stasis
                  | and boost your AC and Regeneration. Uprooting yourself
                  | takes awhile, however. [Lignifite growth]
 11688 | Orc:2    | Reached XP level 12. HP: 134/138 MP: 1/22
 11724 | Orc:2    | Killed an orc warlord
 11906 | Orc:2    | Identified a scroll of acquirement
 11935 | Orc:2    | Found a roughly hewn altar of Beogh.
 12579 | Lair:1   | Noticed a mummy priest
 12595 | Lair:1   | Killed a mummy priest
 13012 | Lair:1   | Reached skill level 1 in Armour
 13078 | Lair:1   | Gained mutation: You cannot wear any armour on your
                  | peculiar form. [potion of mutation]
 13078 | Lair:1   | Gained mutation: Your magical capacity is low. (-15% MP)
                  | [potion of mutation]
 13078 | Lair:1   | Gained mutation: You are highly resistant to hostile
                  | enchantments. (MR++) [potion of mutation]
 13079 | Lair:1   | Gained mutation: You are cold resistant. (rC+) [potion of
                  | mutation]
 13079 | Lair:1   | Gained mutation: You are covered in razor-sharp scales. (AC
                  | +2, Slay +2) [potion of mutation]
 13151 | Lair:1   | Learned a level 5 spell: Irradiate
 13240 | Lair:1   | Reached skill level 1 in Poison Magic
 13386 | Lair:1   | Reached skill level 1 in Transmutations
 13683 | Lair:1   | Identified the cursed +0 pair of boots "Paatesy" {MR++
                  | Regen+ rCorr Int-5, (Curse: *Slow)}
 13981 | Lair:2   | Found a staircase to the Snake Pit.
 14153 | Lair:2   | Reached *** piety under Ashenzari
 15141 | Lair:3   | Noticed Leeroy's ghost (journeyman DrPr)
 15143 | Lair:3   | Noticed a minotaur
 15154 | Lair:3   | Found a runed translucent gate.
 15155 | Lair:3   | Found a runed translucent gate.
 15160 | Lair:3   | Found a runed translucent gate.
 15322 | Lair:3   | Noticed Prince Ribbit
 15329 | Lair:3   | Killed Prince Ribbit
 15503 | Lair:3   | Noticed Sonja
 15510 | Lair:3   | Killed Sonja
 15781 | Lair:3   | Noticed a catoblepas
 15791 | Lair:3   | Killed a catoblepas
 15831 | Lair:3   | Reached **** piety under Ashenzari
 15941 | Lair:3   | Reached skill level 1 in Earth Magic
 16388 | Lair:3   | Learned a level 6 spell: Statue Form
 16434 | Lair:3   | Noticed a mummy priest
 16434 | Lair:3   | Noticed a mummy priest
 16444 | Lair:3   | Killed a mummy priest
 16473 | Lair:3   | Mangled by a phantasmal warrior

Illustrated notes

Levels and vault maps discovered:
D:1:      lemuel_arrival_hallway, layout_basic, minmay_tiny_reverse_x,
          portal_sewer_entry_a
D:2:      layout_sewer, elyvilon_niche, basic_altar, serial_column_ruins,
          column_ruins_hut_ruined, column_ruins_open_medium,
          column_ruins_grid_1, column_ruins_grid_3,
          column_ruins_columns_straight, column_ruins_open_small,
          column_ruins_open_small, column_ruins_open_small, first_ration
D:3:      black_bear_nest_2, layout_cave_pools, dancing_weapons_uskayaw,
          serial_column_ruins, column_ruins_grid_1, column_ruins_grid_2,
          column_ruins_columns_corner, column_ruins_open_tiny,
          column_ruins_corridor_dead_end, grunt_ogre_cave, grunt_ministairs_11,
          minmay_fractal_squares_diagonal_5
D:4:      layout_loops_cross, minmay_temple_entry_overgrown
D:5:      layout_roguey, due_lair_maze_entry_diamond, uniq_nergalle
D:6:      layout_basic, erik_orc_4
D:7:      layout_irregular_city, david_vaults_3, enter_bailey_3,
          gauntlet_entry_generic
Temple:   minmay_crystal_snake_temple
Lair:1:   layout_loops_ring, ossuary_minmay_tomb_2a, lemuel_fruit_fields
Lair:2:   layout_gridlike, guppyfry_snake_entry_island
Lair:3:   layout_gridlike, maelrawn_ghost_gauntlet_escape,
          chequers_ossuary_entry_cave, uniq_prince_ribbit2, uniq_sonja
Orc:1:    layout_caves, serial_shops, shop, led_sif_book
Orc:2:    grunt_orc_community_town_hall, layout_diamond_mine,
          grunt_orc_community_big_house_2, grunt_orc_community_big_house_1,
          grunt_orc_community_house_3, grunt_orc_community_house_3,
          grunt_orc_community_house_2, grunt_orc_community_house_3,
          serial_shops, shop, lightli_church_of_beogh

Skill      XL: |  1  2  3  4  5  6  7  8  9 10 11 12 |
---------------+-------------------------------------+-----
Summonings     | 5 6 7 8 9 10 | 10.0
Fighting       | 1 4 6 8 12 | 12.0
Dodging        | 3 4 6 8 |  8.6
Spellcasting   | 4 6 7 |  7.0
Air Magic      | 3 6 |  6.1
Shields        | 4 5 |  5.0
Polearms       | 2 3 |  3.8
Armour         | 1 |  1.1
Poison Magic   | 4 |  4.7
Transmutations | 3 |  3.9
Earth Magic    | 2 |  2.7
Stealth        | |  1.7

Action                   |  1- 3 |  4- 6 |  7- 9 | 10-12 || total
-------------------------+-------+-------+-------+-------++-------
Melee: Unarmed           |    60 |   133 |   164 |       ||   357
       Short sword       |    58 |   140 |    72 |       ||   270
       Mace              |       |       |   133 |   112 ||   245
       Spear             |       |       |       |   194 ||   194
 Cast: Summon Small Mamm |    35 |     3 |     1 |       ||    39
       Call Canine Famil |     9 |     9 |     1 |     1 ||    20
       Call Chameleon    |     4 |    28 |    88 |   237 ||   357
       Summon Lightning  |       |       |    10 |    61 ||    71
Invok: Curse Item        |       |       |     6 |     4 ||    10
Evoke: Wand              |       |       |       |     1 ||     1
  Use: Scroll            |       |       |       |    12 ||    12
       Potion            |       |       |       |     5 ||     5
 Stab: Distracted        |     1 |       |     3 |     6 ||    10
       Sleeping          |       |       |     2 |       ||     2
       Confused          |       |       |       |     1 ||     1
       Held in net/web   |       |       |       |     1 ||     1
  Eat: Chunk             |     1 |     5 |    18 |    26 ||    50
       Ration            |       |     1 |     1 |     3 ||     5
Armor: Robe              |     5 |    51 |   109 |   132 ||   297
       Skin              |       |       |       |     2 ||     2
Dodge: Dodged            |    18 |    47 |    81 |   144 ||   290
Block: Other             |       |    10 |    27 |       ||    37
       Buckler           |       |       |     5 |   208 ||   213
